Map: 카이로스 정션 - 래더

Players

Clem - Winner!

  • Race: Terran Terran
  • Spawn Location: 5:00

Keen

  • Race: Terran Terran
  • Spawn Location: 11:00

Event: IEM Season 13: Katowice (2019)

VOD

Have the link to the VOD?

Description

Time

  • Played on: Feb. 25, 2019, 4:21 a.m.
  • Length: 15:31

All games in this series

Show
View Real Time Build Order
Export as new Build Order

Clem Terran - Winner!

Build Orders: Mech 

Get SALT Encoding   

  12  0:01  SCV  
  13  0:13  SCV  
  14  0:17  Supply Depot  
  14  0:26  SCV  
  15  0:29  Refinery  
  15  0:39  SCV  
  16  0:44  Barracks  
  16  0:51  SCV  
  16  0:55  Refinery  
  17  1:03  SCV  
  18  1:15  SCV  
  19  1:31  Reaper  
  19  1:32  Orbital Command  
  20  1:35  Factory  
  20  1:43  Supply Depot  
  20  1:57  SCV  
  21  2:04  Reaper  
  22  2:09  SCV  
  23  2:19  Hellion  
  23  2:21  SCV  
  26  2:31  Command Center  
  26  2:35  Supply Depot, SCV  
  27  2:39  Reaper  
  28  2:45  Hellion  
  28  2:48  SCV  
  31  2:56  Starport  
  31  3:01  SCV  
  31  3:10  Factory Tech Lab  
  31  3:11  Barracks Tech Lab  
  31  3:13  SCV  
  32  3:25  SCV  
  33  3:29  Cyclone  
  36  3:34  Refinery  
  36  3:37  SCV  
  37  3:43  Orbital Command  
  37  3:49  Raven  
  37  3:50  SCV  
  40  4:03  SCV  
  40  4:04  Cyclone  
  44  4:13  SCV  
  44  4:15  SCV  
  45  4:25  SCV  
  45  4:26  Supply Depot  
  45  4:27  Command Center, SCV  
  45  4:31  Factory  
  47  4:32  Raven  
  47  4:37  SCV  
  50  4:43  Barracks Reactor  
  50  4:44  SCV  
  51  4:46  Refinery  
  51  4:49  SCV  
  52  4:54  Siege Tank  
  52  4:58  Supply Depot  
  52  4:59  SCV  
  56  5:03  SCV  
  56  5:11  SCV  
  57  5:15  SCV  
  56  5:23  SCV  
  56  5:27  SCV  
  58  5:30  Viking x2, Siege Tank  
  65  5:35  SCV  
  65  5:37  Supply Depot  
  66  5:44  Orbital Command  
  66  5:47  SCV  
  64  5:51  SCV  
  65  5:59  SCV  
  65  6:06  Viking x2  
  65  6:09  SCV  
  65  6:10  SCV  
  71  6:11  SCV  
  71  6:16  Siege Tank  
  75  6:20  Siege Tank  
  75  6:21  SCV  
  75  6:22  SCV  
  75  6:24  SCV  
  81  6:29  Factory, Refinery  
  81  6:33  SCV  
  81  6:34  SCV  
  81  6:36  SCV  
  81  6:38  Barracks Reactor  
  84  6:41  Supply Depot  
  84  6:42  Viking  
  84  6:45  SCV  
  84  6:46  SCV  
  88  6:48  SCV  
  88  6:54  Siege Tank  
  92  6:55  Supply Depot  
  92  6:57  SCV  
  93  7:02  Refinery  
  93  7:03  SCV  
  93  7:04  Supply Depot  
  93  7:06  Supply Depot, Armory  
  93  7:07  Armory  
  94  7:11  SCV  
  95  7:15  SCV  
  95  7:18  Siege Tank  
  95  7:20  SCV  
  98  7:27  Viking x2  
  98  7:28  Hellion, SCV  
  101  7:30  SCV  
  100  7:39  Hellion, SCV  
  100  7:41  SCV  
  104  7:45  Supply Depot  
  104  7:46  Supply Depot  
  102  7:57  Hellion, Cyclone, Viking x2, Siege Tank  
  114  7:58  SCV  
  114  8:02  Supply Depot  
  114  8:03  Terran Vehicle Weapons Level 1  
  115  8:06  Terran Vehicle And Ship Armor Level 1  
  115  8:11  Hellion  
  117  8:14  SCV x3  
  113  8:24  Barracks Reactor  
  113  8:25  Factory  
  113  8:26  Factory  
  113  8:27  Hellion  
  113  8:28  SCV x2  
  113  8:32  Supply Depot  
  113  8:36  Siege Tank  
  113  8:38  Siege Tank  
  119  8:41  Viking  
  119  8:45  Hellion  
  123  8:50  SCV x2  
  123  8:51  SCV  
  122  8:58  Hellion  
  122  9:02  SCV  
  124  9:07  Hellion  
  124  9:08  SCV  
  124  9:09  Siege Tank  
  128  9:15  SCV  
  126  9:21  Viking  
  126  9:24  Cyclone, Factory Tech Lab  
  128  9:25  Factory Reactor  
  128  9:27  Hellion  
  128  9:28  SCV  
  124  9:32  Hellion  
  124  9:33  SCV  
  124  9:36  Viking  
  113  9:41  Cyclone  
  113  9:45  Siege Tank  
  113  9:48  Hellion  
  113  9:50  SCV  
  113  9:51  Engineering Bay  
  116  9:52  Viking  
  116  9:53  Hellion  
  116  9:56  Siege Tank  
  123  10:04  Infernal Pre-Igniter  
  121  10:08  Hellion x2  
  121  10:09  Hellion  
  121  10:12  Viking  
  121  10:13  Cyclone  
  132  10:15  Hellion  
  132  10:18  Hellion  
  132  10:20  Terran Vehicle Weapons Level 2  
  136  10:28  Command Center  
  136  10:30  Hellion  
  136  10:31  Hellion, Terran Vehicle And Ship Armor Level 2  
  140  10:36  Hellion  
  140  10:39  Missile Turret  
  140  10:40  Hellion, Missile Turret  
  140  10:41  Mag-Field Accelerator  
  144  10:42  Missile Turret  
  144  10:48  Medivac  
  144  10:49  Medivac  
  148  10:55  Supply Depot  
  145  10:57  SCV  
  145  11:01  Hellion, Siege Tank  
  151  11:04  Hellion x2  
  151  11:10  Hellion, Siege Tank  
  134  11:12  SCV x3  
  130  11:20  Hellion  
  130  11:22  Medivac  
  130  11:23  Medivac  
  130  11:24  SCV x2  
  136  11:32  Sensor Tower  
  136  11:36  Hellion  
  138  11:42  SCV x3  
  138  11:46  Siege Tank  
  144  11:51  Hellion  
  146  11:54  Siege Tank  
  146  11:55  Missile Turret  
  146  11:57  SCV x2  
  146  11:58  SCV  
  150  12:06  Hellion  
  150  12:07  Planetary Fortress  
  150  12:09  SCV x2  
  150  12:15  Hellion x2  
  154  12:17  Siege Tank  
  154  12:18  SCV  
  158  12:23  Hellion  
  158  12:24  Viking  
  158  12:27  Viking  
  164  12:33  Sensor Tower  
  164  12:34  Missile Turret  
  164  12:39  Hellion x2  
  168  12:45  Terran Vehicle Weapons Level 3  
  168  12:48  Refinery  
  168  12:49  Hellion  
  168  12:50  Refinery  
  170  12:51  Hellion  
  170  12:55  Supply Depot  
  172  12:58  Supply Depot  
  172  13:03  Hellion x2  
  172  13:05  Supply Depot  
  176  13:09  Viking  
  176  13:11  Viking  
  180  13:14  Cyclone  
  180  13:18  Cyclone  
  186  13:21  Hellion  
  188  13:31  Supply Depot  
  188  13:35  Hellion x2, Siege Tank  
  188  13:39  Viking  
  197  13:41  Missile Turret  
  197  13:55  Siege Tank x2  
  200  13:56  Hellion  
  200  14:02  Starport  
  196  14:03  Starport  
  196  14:08  Hellion x2  
  200  14:21  Command Center  
  200  14:24  Viking  
  191  14:27  Viking  
  191  14:28  Hellion  
  191  14:29  Cyclone  
  172  14:36  Siege Tank  
  160  14:39  Hellion  
  160  14:46  Hellion  
  160  14:50  Hellion  
  160  14:51  Starport Tech Lab  
  162  14:54  Viking  
  162  14:57  Hellion, Siege Tank  
Show
View Real Time Build Order
Export as new Build Order

Keen Terran 

Build Orders:  

Get SALT Encoding   

  12  0:00  SCV  
  13  0:12  SCV  
  14  0:17  Supply Depot  
  14  0:25  SCV  
  14  0:28  Refinery  
  15  0:38  SCV  
  16  0:44  Barracks  
  16  0:50  SCV  
  16  0:56  Refinery  
  17  1:02  SCV  
  18  1:14  SCV  
  19  1:31  Orbital Command  
  19  1:33  Factory  
  19  1:35  Reaper  
  20  1:48  Supply Depot  
  20  1:57  SCV  
  21  2:07  Reaper  
  22  2:09  SCV  
  23  2:16  Hellion  
  25  2:24  Command Center  
  25  2:26  SCV  
  26  2:38  Hellion  
  26  2:40  Barracks Reactor  
  26  2:41  SCV  
  29  2:45  Starport  
  29  2:50  Supply Depot  
  29  2:54  SCV  
  27  3:07  Hellion, SCV  
  30  3:16  Marine x2  
  33  3:20  SCV  
  33  3:22  Starport Tech Lab  
  33  3:27  Refinery  
  33  3:29  Factory Tech Lab  
  33  3:32  SCV  
  34  3:35  Orbital Command  
  34  3:36  Marine  
  34  3:38  Marine  
  36  3:41  Raven  
  36  3:44  SCV  
  39  3:50  Cyclone  
  40  3:57  Marine x2  
  40  4:02  SCV  
  41  4:05  SCV  
  42  4:14  SCV  
  42  4:15  Marine x2  
  45  4:17  SCV  
  45  4:22  Supply Depot  
  48  4:29  SCV  
  48  4:31  Cyclone, Medivac  
  51  4:32  SCV  
  51  4:33  Marine x2  
  54  4:40  Supply Depot  
  54  4:44  SCV  
  55  4:45  SCV  
  55  4:47  Supply Depot  
  55  4:51  Marine x2  
  58  4:56  SCV  
  58  4:58  SCV  
  60  5:01  Raven  
  60  5:03  Siege Tank  
  57  5:15  SCV x2  
  57  5:17  Marine x2  
  60  5:27  Refinery  
  60  5:29  SCV x2  
  60  5:32  Command Center  
  60  5:33  Supply Depot  
  62  5:36  Siege Tank  
  65  5:43  SCV x2  
  67  5:54  Stimpack, Marine  
  68  6:00  SCV x2  
  68  6:02  Viking x2  
  74  6:12  SCV x2, Siege Tank  
  74  6:13  Barracks  
  74  6:16  Barracks  
  74  6:17  Marine  
  80  6:27  SCV x2  
  80  6:28  Supply Depot  
  80  6:29  Supply Depot  
  82  6:35  Viking x2  
  86  6:42  Engineering Bay  
  86  6:43  Supply Depot, Engineering Bay, Marine  
  86  6:45  SCV x2  
  89  6:49  Orbital Command  
  89  6:56  Siege Tank  
  89  6:58  SCV x2  
  94  7:03  Barracks Reactor, Barracks Tech Lab  
  94  7:07  Supply Depot  
  93  7:10  SCV x2  
  93  7:11  Viking  
  93  7:13  Viking  
  99  7:15  SCV  
  99  7:22  SCV  
  95  7:28  Marine x2  
  88  7:34  Orbital Command, Siege Tank  
  85  7:39  Combat Shield  
  85  7:41  Viking  
  85  7:43  Viking  
  85  7:44  Marine x2  
  89  7:46  Marine x2  
  89  7:50  SCV  
  93  7:56  Terran Infantry Weapons Level 1, Terran Infantry Armor Level 1  
  93  8:01  Marine x2  
  93  8:04  Liberator, Marine x2  
  93  8:05  Liberator  
  97  8:08  Siege Tank  
  100  8:19  Marine  
  99  8:22  Marauder  
  99  8:23  Marine x2  
  106  8:30  SCV x2  
  106  8:35  Concussive Shells  
  106  8:40  Barracks x2  
  106  8:54  Marine x2  
  109  8:58  Marauder x2  
  109  9:00  Siege Tank  
  112  9:05  Supply Depot  
  104  9:19  Medivac x2  
  106  9:32  Orbital Command  
  106  9:33  SCV  
  106  9:36  Marine x2  
  106  9:37  Marauder  
  108  9:45  SCV x2  
  110  9:48  Barracks Reactor, Barracks Tech Lab  
  110  9:49  Medivac x2  
  110  9:50  Siege Tank  
  117  10:00  Refinery  
  117  10:01  Refinery  
  117  10:03  Supply Depot, SCV x3  
  117  10:05  Supply Depot  
  120  10:12  Marauder x2  
  124  10:21  Medivac  
  124  10:25  Medivac  
  124  10:27  Marauder  
  128  10:29  Supply Depot x2  
  128  10:30  Supply Depot  
  128  10:34  Marauder  
  130  10:43  Supply Depot, Armory  
  130  10:46  Marauder  
  130  10:47  Marine x4  
  130  10:48  Marauder  
  138  10:51  Medivac  
  138  10:55  Marauder  
  131  11:05  Marine x2  
  131  11:08  Marauder, Marine x2  
  131  11:09  Marauder  
  128  11:16  Marauder, Siege Tank  
  130  11:22  Marine x2  
  132  11:26  Marine x2  
  132  11:29  Marauder  
  136  11:34  Marauder  
  136  11:38  Marauder  
  140  11:41  Command Center, Starport  
  140  11:42  Viking, Starport  
  140  11:44  Viking  
  144  11:51  Terran Infantry Weapons Level 2, Terran Infantry Armor Level 2  
  144  12:00  Siege Tank  
  147  12:04  Marauder x3, Marine  
  147  12:05  Marine x2  
  147  12:06  Liberator  
  156  12:08  Terran Ship Weapons Level 1  
  154  12:15  Viking x2  
  154  12:19  Viking  
  153  12:32  Marauder, Siege Tank  
  153  12:35  Marine  
  153  12:36  Marine  
  165  12:39  Supply Depot  
  165  12:40  Supply Depot  
  161  12:50  Viking x2  
  164  12:55  Planetary Fortress  
  164  12:56  Barracks Reactor  
  164  12:57  Sensor Tower  
  164  12:58  SCV x3  
  166  13:03  Viking  
  169  13:07  Viking  
  169  13:10  Starport Tech Lab  
  171  13:13  Fusion Core  
  171  13:23  Viking x2  
  175  13:28  Missile Turret  
  175  13:31  Missile Turret  
  175  13:40  Viking x2  
  175  13:41  Viking  
  181  13:44  Marauder  
  180  13:53  Viking x2  
  180  13:54  Liberator  
  184  14:00  SCV x3  
  187  14:06  Refinery  
  187  14:07  Advanced Ballistics, Refinery  
  186  14:10  Viking  
  186  14:12  Viking  
  186  14:14  Liberator  
  193  14:23  Liberator  
  183  14:26  Marine  
  183  14:27  Marauder, Marine  
  183  14:31  Liberator  
  141  14:33  Marauder x2, Marine x2  
  118  14:44  Marine x2  
  108  14:48  Marauder  
  113  14:53  Marine  
  113  14:54  Marauder x2  

Tags
 
Add a new tag
Caveats
  • Supply blocks, unpowered buildings, or Contaminate may cause inaccurate times.
  • Supply counts are checked every 10 seconds.